General information
- name: BNet
- type: Ladder team game (AT/RT)
- host: Battle.net
- saver: FaveColorlsPink
map: UpperKingdom
- players: 6
- length: 32:10
- speed: Fast
- version: 1.26 W3XP
- replay type: Public
» download(239 KB)
Players
team 1 (winner)
RayNS (
green | 64 APM | 2045 actions | 31:48)
6 Tauren Chieftain
2 Shockwave
3 Endurance Aura
1 Reincarnation
5 Shadow Hunter
2 Hex
3 Healing Wave
» actions
| Assign group hotkey | 45 | |
| Basic commands | 148 | |
| Build / train | 127 | |
| Enter build submenu | 19 | |
| Enter hero's abilities submenu | 11 | |
| Give item / drop item | 3 | |
| Remove unit from queue | 2 | |
| Right click | 782 | |
| Select / deselect | 414 | |
| Select group hotkey | 356 | |
| Use ability | 138 | |
2045 total
» units
| Peon | 11 | |
| Grunt | 4 | |
| Troll Witch Doctor | 6 | |
| Tauren | 17 | |
| Spirit Walker | 9 | |
| Demolisher | 4 | |
| Kodo Beast | 1 | |
| Troll Batrider | 22 | |
74 total
» upgrades
| Melee Weapons | 2 | |
| Armor | 3 | |
| Witch Doctor Training | 2 | |
| Reinforced Defenses | 1 | |
| Pulverize | 1 | |
| Spirit Walker Training | 2 | |
| War Drums Damage Increase | 1 | |
| Liquid Fire | 1 | |
| Ranged Weapons | 1 | |
| Spiked Barricades | 1 | |
| Burning Oil | 1 | |
16 total
» buildings
| Altar of Storms | 1 | |
| Orc Burrow | 8 | |
| Barracks | 1 | |
| Voodoo Lounge | 1 | |
| Stronghold | 1 | |
| War Mill | 1 | |
| Spirit Lodge | 2 | |
| Fortress | 4 | |
| Great Hall | 1 | |
| Tauren Totem | 1 | |
| Beastiary | 2 | |
23 total
» build order
00:09 Altar of Storms
00:21 Orc Burrow
00:36 Barracks
01:26 Orc Burrow
02:04 Voodoo Lounge
03:26 Stronghold
04:11 Orc Burrow
04:45 War Mill
05:17 Orc Burrow
06:00 Spirit Lodge
06:20 Fortress
06:20 Fortress
06:20 Fortress
06:20 Fortress
07:57 Great Hall
09:10 Tauren Totem
12:39 Spirit Lodge
16:17 Orc Burrow
18:49 Beastiary
18:51 Orc Burrow
28:09 Beastiary
29:24 Orc Burrow
30:19 Orc Burrow
» items
| Healing Salve | 5 | |
| Lesser Clarity Potion | 1 | |
| Scroll of Speed | 3 | |
| Orb of Lightning | 2 | |
| Potion of Healing | 2 | |
| Scroll of Town Portal | 4 | |
17 total
FaveColorlsPink (
blue | 113 APM | 3638 actions | 32:10)
7 Death Knight
3 Death Coil
3 Unholy Aura
1 Animate Dead
6 Lich
3 Frost Nova
2 Frost Armor
1 Death and Decay
6 Crypt Lord
3 Impale
2 Spiked Carapace
1 Locust Swarm
» actions
| Assign group hotkey | 91 | |
| Basic commands | 22 | |
| Build / train | 103 | |
| ESC pressed | 5 | |
| Enter build submenu | 32 | |
| Enter hero's abilities submenu | 20 | |
| Give item / drop item | 12 | |
| Right click | 1234 | |
| Select / deselect | 1008 | |
| Select group hotkey | 884 | |
| Use ability | 227 | |
3638 total
» units
| Acolyte | 14 | |
| Ghoul | 3 | |
| Crypt Fiend | 11 | |
| Frost Wyrm | 10 | |
38 total
» upgrades
| Creature Attack | 3 | |
| Creature Carapace | 2 | |
| Burrow | 1 | |
| Web | 1 | |
7 total
» buildings
| Crypt | 1 | |
| Graveyard | 1 | |
| Altar of Darkness | 1 | |
| Ziggurat | 9 | |
| Tomb of Relics | 1 | |
| Necropolis | 5 | |
| Halls of the Dead | 3 | |
| Nerubian Tower | 2 | |
| Black Citadel | 2 | |
| Sacrificial Pit | 1 | |
| Spirit Tower | 3 | |
| Boneyard | 2 | |
| Slaughterhouse | 1 | |
32 total
» build order
00:05 Crypt
00:11 Graveyard
00:43 Altar of Darkness
00:57 Ziggurat
01:17 Tomb of Relics
01:51 Ziggurat
03:54 Ziggurat
04:34 Necropolis
05:29 Halls of the Dead
05:59 Ziggurat
06:47 Nerubian Tower
06:51 Nerubian Tower
07:18 Ziggurat
07:20 Ziggurat
07:57 Black Citadel
09:18 Sacrificial Pit
09:21 Spirit Tower
09:22 Ziggurat
10:39 Boneyard
10:40 Boneyard
19:04 Spirit Tower
19:04 Spirit Tower
20:31 Necropolis
20:31 Ziggurat
20:32 Ziggurat
21:25 Halls of the Dead
22:33 Necropolis
23:44 Necropolis
28:02 Black Citadel
28:52 Necropolis
29:13 Slaughterhouse
» items
| Rod of Necromancy | 5 | |
| Orb of Corruption | 2 | |
| Lesser Clarity Potion | 6 | |
| Healing Salve | 2 | |
| Scroll of Town Portal | 4 | |
| Scroll of Healing | 3 | |
| Potion of Healing | 2 | |
| Orb of Lightning | 1 | |
25 total
garou24 (
purple | 55 APM | 1746 actions | 31:48)
7 Tauren Chieftain
3 War Stomp
3 Endurance Aura
1 Reincarnation
» actions
| Assign group hotkey | 35 | |
| Basic commands | 114 | |
| Build / train | 91 | |
| ESC pressed | 11 | |
| Enter build submenu | 19 | |
| Enter hero's abilities submenu | 8 | |
| Remove unit from queue | 1 | |
| Right click | 675 | |
| Select / deselect | 424 | |
| Select group hotkey | 273 | |
| Use ability | 95 | |
1746 total
» units
| Peon | 10 | |
| Grunt | 9 | |
| Troll Headhunter/Berserker | 33 | |
| Spirit Walker | 7 | |
| Demolisher | 1 | |
60 total
» upgrades
| Ranged Weapons | 3 | |
| Berserker Strength | 1 | |
| Berserker Upgrade | 1 | |
| Spirit Walker Training | 1 | |
| Burning Oil | 1 | |
| Armor | 1 | |
8 total
» buildings
| Altar of Storms | 1 | |
| Orc Burrow | 8 | |
| Barracks | 2 | |
| War Mill | 1 | |
| Voodoo Lounge | 1 | |
| Stronghold | 3 | |
| Great Hall | 3 | |
| Fortress | 1 | |
| Spirit Lodge | 1 | |
21 total
» build order
00:13 Altar of Storms
00:19 Orc Burrow
00:30 Barracks
02:08 Barracks
02:31 Orc Burrow
03:19 War Mill
03:48 Voodoo Lounge
03:56 Orc Burrow
05:56 Orc Burrow
06:00 Orc Burrow
06:41 Stronghold
06:41 Stronghold
06:41 Stronghold
08:00 Great Hall
09:29 Fortress
09:46 Orc Burrow
11:29 Spirit Lodge
14:53 Orc Burrow
22:29 Orc Burrow
25:56 Great Hall
29:33 Great Hall
» items
| Healing Salve | 3 | |
| Lesser Clarity Potion | 1 | |
| Scroll of Town Portal | 2 | |
| Potion of Healing | 1 | |
| Orb of Lightning | 1 | |
8 total
team 2 (loser)

»
under_me (
pink | 96 APM | 3036 actions | 31:47)
8 Dreadlord
3 Sleep
3 Vampiric Aura
1 Inferno
1 Carrion Swarm
» actions
| Assign group hotkey | 69 | |
| Basic commands | 8 | |
| Build / train | 93 | |
| ESC pressed | 1 | |
| Enter build submenu | 16 | |
| Enter hero's abilities submenu | 8 | |
| Give item / drop item | 8 | |
| Right click | 1479 | |
| Select / deselect | 595 | |
| Select group hotkey | 588 | |
| Use ability | 171 | |
3036 total
» units
| Acolyte | 4 | |
| Ghoul | 10 | |
| Necromancer | 11 | |
| Abomination | 10 | |
| Banshee | 5 | |
40 total
» upgrades
| Cannibalize | 1 | |
| Unholy Strength | 2 | |
| Unholy Armor | 3 | |
| Necromancer Training | 2 | |
| Skeletal Mastery | 1 | |
| Disease Cloud | 1 | |
| Ghoul Frenzy | 1 | |
| Banshee Training | 2 | |
13 total
» buildings
| Crypt | 1 | |
| Altar of Darkness | 1 | |
| Ziggurat | 6 | |
| Tomb of Relics | 1 | |
| Nerubian Tower | 1 | |
| Graveyard | 1 | |
| Halls of the Dead | 1 | |
| Black Citadel | 1 | |
| Slaughterhouse | 2 | |
| Temple of the Damned | 2 | |
17 total
» build order
00:11 Crypt
00:13 Altar of Darkness
00:35 Ziggurat
01:01 Ziggurat
01:23 Tomb of Relics
01:42 Nerubian Tower
02:45 Graveyard
04:22 Halls of the Dead
04:35 Ziggurat
06:49 Black Citadel
06:55 Slaughterhouse
07:00 Temple of the Damned
07:01 Temple of the Damned
07:22 Slaughterhouse
12:24 Ziggurat
12:43 Ziggurat
16:25 Ziggurat
» items
| Rod of Necromancy | 1 | |
| Potion of Mana | 3 | |
| Potion of Healing | 4 | |
| Scroll of Town Portal | 8 | |
| Orb of Corruption | 1 | |
17 total

»
mena6996 (
teal | 68 APM | 2138 actions | 31:40)
6 Death Knight
3 Death Coil
2 Unholy Aura
1 Animate Dead
2 Crypt Lord
1 Impale
1 Spiked Carapace
» actions
| Assign group hotkey | 52 | |
| Build / train | 109 | |
| ESC pressed | 3 | |
| Enter build submenu | 20 | |
| Enter hero's abilities submenu | 8 | |
| Give item / drop item | 2 | |
| Remove unit from queue | 2 | |
| Right click | 1398 | |
| Select / deselect | 394 | |
| Select group hotkey | 85 | |
| Use ability | 65 | |
2138 total
» units
| Acolyte | 12 | |
| Ghoul | 3 | |
| Crypt Fiend | 33 | |
| Frost Wyrm | 5 | |
53 total
» upgrades
| Creature Attack | 3 | |
| Creature Carapace | 3 | |
| Web | 1 | |
| Freezing Breath | 1 | |
| Burrow | 1 | |
9 total
» buildings
| Graveyard | 1 | |
| Crypt | 1 | |
| Altar of Darkness | 2 | |
| Ziggurat | 8 | |
| Tomb of Relics | 1 | |
| Nerubian Tower | 5 | |
| Halls of the Dead | 2 | |
| Spirit Tower | 8 | |
| Sacrificial Pit | 1 | |
| Black Citadel | 2 | |
| Boneyard | 3 | |
34 total
» build order
00:30 Graveyard
00:47 Crypt
00:57 Altar of Darkness
01:01 Ziggurat
01:16 Ziggurat
01:34 Tomb of Relics
01:54 Nerubian Tower
03:39 Ziggurat
04:56 Halls of the Dead
04:57 Halls of the Dead
06:57 Ziggurat
09:53 Spirit Tower
09:53 Spirit Tower
10:00 Spirit Tower
10:00 Spirit Tower
10:01 Spirit Tower
10:58 Altar of Darkness
11:03 Sacrificial Pit
12:10 Black Citadel
12:11 Black Citadel
12:15 Ziggurat
12:16 Ziggurat
12:23 Spirit Tower
13:12 Spirit Tower
13:14 Nerubian Tower
13:14 Nerubian Tower
13:15 Nerubian Tower
14:48 Boneyard
14:49 Boneyard
16:17 Boneyard
23:38 Ziggurat
30:11 Ziggurat
» items
| Scroll of Town Portal | 4 | |
| Potion of Healing | 3 | |
| Orb of Corruption | 2 | |
| Potion of Mana | 1 | |
10 total
Just_sanek (
red | 73 APM | 2328 actions | 31:46)
7 Crypt Lord
3 Carrion Beetles
3 Impale
1 Locust Swarm
4 Death Knight
2 Death Coil
2 Unholy Aura
» actions
| Assign group hotkey | 13 | |
| Build / train | 98 | |
| Enter build submenu | 23 | |
| Enter hero's abilities submenu | 11 | |
| Give item / drop item | 2 | |
| Remove unit from queue | 1 | |
| Right click | 1467 | |
| Select / deselect | 530 | |
| Select group hotkey | 78 | |
| Use ability | 105 | |
2328 total
» units
| Acolyte | 9 | |
| Ghoul | 5 | |
| Crypt Fiend | 16 | |
| Frost Wyrm | 13 | |
43 total
» upgrades
| Burrow | 1 | |
| Web | 1 | |
| Freezing Breath | 1 | |
3 total
» buildings
| Crypt | 1 | |
| Graveyard | 1 | |
| Ziggurat | 9 | |
| Altar of Darkness | 1 | |
| Tomb of Relics | 1 | |
| Nerubian Tower | 2 | |
| Spirit Tower | 2 | |
| Halls of the Dead | 1 | |
| Sacrificial Pit | 1 | |
| Black Citadel | 1 | |
| Boneyard | 3 | |
23 total
» build order
00:11 Crypt
00:16 Graveyard
00:24 Ziggurat
01:16 Altar of Darkness
01:56 Tomb of Relics
02:18 Ziggurat
02:26 Nerubian Tower
03:30 Spirit Tower
05:09 Ziggurat
05:12 Ziggurat
05:32 Halls of the Dead
07:02 Ziggurat
07:04 Ziggurat
07:11 Ziggurat
07:23 Ziggurat
09:02 Sacrificial Pit
09:06 Ziggurat
09:09 Nerubian Tower
09:53 Black Citadel
12:17 Boneyard
12:19 Boneyard
12:22 Boneyard
12:52 Spirit Tower
» items
| Rod of Necromancy | 2 | |
| Sacrificial Skull | 1 | |
| Dust of Appearance | 1 | |
| Potion of Mana | 6 | |
| Potion of Healing | 6 | |
| Scroll of Town Portal | 3 | |
| Scroll of Healing | 4 | |
23 total
Chat log
(00:37 / Allies) FaveColorlsPink: 100g?
(01:17 / Allies) FaveColorlsPink: ty
(01:18 / All) under_me: i m eating and playing
(01:24 / All) FaveColorlsPink: congranz
(01:39 / All) mena6996: :D
(02:17 / All) RayNS: i'm doing sex and playing
(02:27 / All) under_me: how s that?
(02:34 / All) FaveColorlsPink: im writing down chuck norris quotes and playing
(02:40 / All) RayNS: left hand
(03:34 / Allies) FaveColorlsPink: green cc togehterp
(04:42 / Allies) FaveColorlsPink: ty
(06:22 / Allies) FaveColorlsPink: tech purple
(07:40 / Allies) FaveColorlsPink: take green
(11:59 / Allies) FaveColorlsPink: bgreen
(12:02 / Allies) FaveColorlsPink: tp
(12:18 / Allies) RayNS: wood
(12:58 / Allies) garou24: WOOD
(13:03 / Allies) garou24: PL
(13:07 / Allies) garou24: PLIZ
(13:10 / Allies) RayNS: havent()
(13:48 / Allies) FaveColorlsPink: b
(13:48 / Allies) FaveColorlsPink: b
(15:44 / Allies) garou24: W8
(15:50 / Allies) garou24: GRTEEN
(16:30 / Allies) garou24: WOOD
(16:39 / Allies) FaveColorlsPink: go
(19:23 / Allies) FaveColorlsPink: tp fast
(21:42 / Allies) FaveColorlsPink: that was hard
(21:54 / Allies) garou24: W8 HERO
(22:44 / All) under_me: i m stoping eating
(23:35 / Allies) RayNS: go
(23:38 / Allies) FaveColorlsPink: no
(23:39 / Allies) FaveColorlsPink: let down
(27:31 / Allies) RayNS: b
(27:45 / Allies) RayNS: wood
(28:51 / Allies) garou24: gool
(30:15 / Allies) FaveColorlsPink: green b
(31:34 / All) under_me: gg
(31:39 / All) under_me: nice game'
(31:43 / All) FaveColorlsPink: yep